 Dungeon Crawl Stone Soup version 0.21-a0-185-g3a6ed1e (webtiles) character file.

134849 namelastname112 the Fencer (level 16, -29/152 HPs)
             Began as a White Draconian Wanderer on Aug 12, 2017.
             Was an Initiate of Gozag.
             Shot with a bolt by a naga sharpshooter (31 damage)
             ... on level 4 of the Snake Pit.
             The game lasted 00:51:57 (32343 turns).

namelastname112 the Fencer (DrWn)                  Turns: 32343, Time: 00:51:58

Health: -29/152    AC: 16    Str: 16    XL:     16   Next: 63%
Magic:  25/25      EV: 27    Int: 13    God:    Gozag
Gold:   1492       SH:  0    Dex: 21    Spells: 15/15 levels left

rFire    . . .     SeeInvis +   u - +8 great sword "Wiastrel" {slice, Dex+3}
rCold    + + .     Gourm    .   (shield currently unavailable)
rNeg     . . .     Faith    .   (armour unavailable)
rPois    +         Spirit   .   R - +2 hat {SInv}
rElec    +         Reflect  .   S - +2 cloak {rPois}
rCorr    .         Harm     .   a - +0 pair of gloves
MR       ++++.                  Y - +0 pair of boots
Stlth    ++........             U - amulet of regeneration
HPRegen  0.75/turn              B - +6 ring of evasion
MPRegen  0.19/turn              c - ring of Eryl {*Drain rElec rC+ MR+++ Dex+2}

@: gold aura, constricted
A: breathe frost, unfitting armour, cold resistance 1, cold-blooded, AC +9
a: Breathe Frost, Potion Petition, Call Merchant, Bribe Branch, Renounce
Religion


You were on level 4 of the Snake Pit.
You worshipped Gozag.
Gozag was most pleased with you.
You were not hungry.

You visited 4 branches of the dungeon, and saw 27 of its levels.
You visited 1 bazaar.
You also visited: Labyrinth.

You collected 9339 gold pieces.
You spent 1012 gold pieces at shops.
You paid 6835 gold pieces to Gozag.

Inventory:

Hand Weapons
 u - the +8 great sword "Wiastrel" (weapon) {slice, Dex+3}
   (You acquired it on level 15 of the Dungeon)

   It inflicts extra damage upon your enemies.
   It affects your dexterity (+3).
Armour
 a - a +0 pair of gloves (worn)
 R - a +2 hat of see invisible (worn)
 S - a +2 cloak of poison resistance (worn)
 Y - a +0 pair of boots (worn)
Jewellery
 c - the ring of Eryl (right hand) {*Drain rElec rC+ MR+++ Dex+2}
   (You bought it in a shop in a bazaar)

   [ring of dexterity]

   It affects your dexterity (+2).
   It protects you from cold.
   It insulates you from electricity.
   It affects your resistance to hostile enchantments.
   It causes draining when unequipped.
 h - an uncursed ring of poison resistance
 B - a +6 ring of evasion (left hand)
 U - an amulet of regeneration (around neck)
Wands
 q - a wand of digging (9/24)
 w - a wand of acid (8/15)
 y - a wand of iceblast (14/15)
 A - a wand of enslavement (10/24)
 E - a wand of flame (20/48)
 F - a wand of lightning (2/15)
 M - a wand of digging (7/24)
 P - a wand of lightning (3/15)
 V - a wand of paralysis (8/24)
 X - a wand of polymorph (12/24)
Scrolls
 b - 6 scrolls of teleportation
 e - 9 scrolls of remove curse
 f - a scroll of fog
 j - 5 scrolls of enchant weapon
 k - 2 scrolls of enchant armour
 l - 4 scrolls of silence
 x - 5 scrolls of identify
 D - a scroll of magic mapping
 G - 8 scrolls of amnesia
 H - 2 scrolls of brand weapon
 N - 2 scrolls of blinking
Potions
 g - 4 potions of brilliance
 m - 4 potions of curing
 o - 9 potions of flight
 p - a potion of resistance
 r - 3 potions of might
 s - 3 potions of agility
 t - 3 potions of haste
 v - 3 potions of mutation
 z - 2 potions of magic
 C - 3 potions of cancellation
 J - a potion of degeneration {unknown}
 K - 3 potions of ambrosia
 L - 2 potions of invisibility
Books
 I - a book of Battle

   Spells                             Type                      Level
   a - Infusion                       Charms                       1
   b - Shroud of Golubria             Charms/Translocation         2
   c - Song of Slaying                Charms                       2
   d - Spectral Weapon                Hexes/Charms                 3
   e - Regeneration                   Charms/Necromancy            3
 Q - Sif Muna's Guide on Excruciating Dark Rituals
   (You found it on level 3 of the Snake Pit)

   Spells                             Type                      Level
   a - Searing Ray                    Conjuration                  2
   b - Regeneration                   Charms/Necromancy            3
   c - Animate Dead                   Necromancy                   4
   d - Venom Bolt                     Conjuration/Poison           5
   e - Bolt of Fire                   Conjuration/Fire             6
 T - a book of the Warp

   Spells                             Type                      Level
   a - Gell's Gravitas                Translocation                3
   b - Portal Projectile              Hexes/Translocation          3
   c - Force Lance                    Conjuration/Translocation    4
   d - Dispersal                      Translocation                6
   e - Controlled Blink               Translocation                8
   f - Disjunction                    Translocation                8
Miscellaneous
 i - a lamp of fire
 O - a lightning rod (4/4)
Comestibles
 d - 9 bread rations
 n - 11 fruits


   Skills:
 + Level 16.3 Fighting
 + Level 17.2 Long Blades
   Level 1.0 Axes
 + Level 13.6 Dodging
 - Level 1.7 Stealth
 + Level 12.3 Evocations


You had 15 spell levels left.
You didn't know any spells.

Dungeon Overview and Level Annotations

Branches:
Dungeon (15/15)            Temple (0/1) D:6            Lair (6/6) D:8
 Shoals (0/4) Lair:2        Snake (4/4) Lair:2        Slime (0/5) Lair:5
    Orc (2/2) D:10            Elf (0/3) Orc:2        Vaults (0/5) D:13
 Depths (0/5) D:15

Altars:
Ashenzari
Cheibriados
Dithmenos
Elyvilon
Gozag
Hepliaklqana
Kikubaaqudgha
Makhleb
Sif Muna
Trog
Uskayaw
Wu Jian
The Shining One
Beogh
Jiyva

Shops:
D:5 (   D:8 %   D:9 =   D:10 ([   Orc:1 !   Orc:2 ([*   Lair:1 (**(   Snake:2 }

Annotations:
Snake:1 namelastname112's ghost, adept DrWn
Snake:4 Vashnia


Innate Abilities, Weirdness & Mutations

You can breathe waves of freezing cold.
You can buffet flying creatures when you breathe cold.
Your icy white scales are hard. (AC +9)
You cannot fit into any form of body armour.
Your flesh is cold resistant. (rC+)
You are cold-blooded and may be slowed by cold attacks.


Message History

The naga sharpshooter is almost dead.
The anaconda completely misses you.
You riposte.
You closely miss the anaconda.
The anaconda is heavily wounded.
The anaconda bites you but does no damage.
The naga sharpshooter shoots a bolt.
The bolt completely misses you. The anaconda grabs you.
The anaconda misses you. The anaconda constricts you.
The naga sharpshooter mumbles some strange words.
The naga sharpshooter magically shoots a bolt.
The bolt hits you!!
* * * LOW HITPOINT WARNING * * *
x2 The naga hits you but does no damage.
You take 39 damage, and have 1/152 hp.
MASSIVE DAMAGE!!
You slice the naga sharpshooter!!
You kill the naga sharpshooter!
The anaconda misses you. The anaconda constricts you.
The naga sharpshooter casts a spell.
The naga sharpshooter magically shoots a bolt.
The bolt hits you!!
You die...
Your body crumbles into a pile of gold.

#.N'N#
##≈≈≈≈≈.≈≈≈.#...#
#.NS#.#
##≈≈≈≈.....#.#.#
#.NN##.#
##≈≈≈≈≈##.#.#.#
#.NS# ###
##≈≈≈###.#.#.. .SS#
####... ..#.##.# ..#
..... #.# .. ...#
#.# . ##$N.## #.#
##@N...## #.#
#####$(S....### #.#
###..............
##................ #
#......(.|........
#.##....###.......##
#.#...(# ##.....##
#.....# ##...##
#.....# #...# .


You could see a naga sharpshooter, an anaconda and a naga.

Vanquished Creatures
  Nikola (Snake:3)
  Kirke (Lair:5)
  2 nagarajas (Snake:4)
  An orc warlord (Orc:2)
  Aizul (Snake:4)
  Snorg (D:14)
  A minotaur (Lab)
  A yaktaur captain (D:15)
  A vault guard (D:13)
  9 naga warriors
  A rakshasa (D:13)
  3 hydras (Lair:6)
  3 centaur warriors
  7 anacondas
  7 two-headed ogres
  9 naga sharpshooters
  An orc high priest (Orc:2)
  10 shock serpents
  4 salamander mystics
  3 sea snakes (Snake:4)
  5 naga ritualists
  3 unseen horrors
  2 wizards (D:14)
  4 orc knights
  4 orc sorcerers
  A wolf spider (Lair:6)
  6 mana vipers
  17 ugly things
  2 oklob plants (Lair:1)
  A cyclops (D:15)
  A deep elf mage (D:13)
  11 salamanders
  Maurice (D:11)
  2 manticores
  14 naga magi
  2 guardian serpents
  A merfolk siren (Lair:2)
  4 gargoyles
  23 black mambas
  17 spiny frogs
  A kobold demonologist (D:14)
  8 komodo dragons
  A freezing wraith (D:14)
  3 meliai (D:15)
  A queen bee (D:15)
  6 trolls
  A harpy skeleton (D:14)
  A wind drake (shapeshifter) (D:14)
  5 hornets
  6 slime creatures (D:14)
  20 blink frogs
  A meliai zombie (D:15)
  13 hippogriffs
  A centaur simulacrum (D:15)
  3 shadows
  13 wyverns
  6 redbacks
  36 yaks
  A basilisk (Lair:2)
  7 hogs (Lair:5)
  5 hungry ghosts (Lab)
  8 vampire mosquitoes
  A steam dragon (D:11)
  A warg (Orc:2)
  17 water moccasins
  6 porcupines
  32 nagas
  26 orc warriors
  7 ice beasts
  A phantom (D:6)
  2 necrophages
  6 sky beasts
  2 eyes of draining
  7 ogres
  12 wolves
  9 centaurs
  8 crocodiles
  A crocodile (shapeshifter) (D:13)
  Blork the orc (D:4)
  5 big kobolds
  18 bullfrogs
  2 wyvern skeletons
  5 scorpions
  27 killer bees
  A water moccasin skeleton (D:7)
  7 wights
  5 electric eels
  4 howler monkeys
  7 crimson imps
  4 bullfrog zombies
  3 quasits
  A centaur zombie (D:4)
  5 jellies
  6 hounds
  15 orc priests
  A bullfrog skeleton (D:10)
  5 iguanas
  18 orc wizards
  10 worker ants
  A killer bee zombie (D:10)
  A hound zombie (D:9)
  Robin (D:3)
  12 adders
  3 gnolls (D:6)
  4 shadow imps
  7 oozes
  2 adder skeletons
  2 adder zombies
  6 worms
  3 dart slugs
  8 leopard geckos
  66 orcs
  A bat zombie (D:7)
  3 giant cockroaches
  15 goblins
  8 hobgoblins
  2 jackals (D:9)
  29 kobolds
  2 quokkas
  3 ball pythons
  4 bats
  5 frilled lizards
  A giant cockroach zombie (D:4)
  A quokka skeleton (D:4)
  2 quokka zombies (D:4)
  12 rats
  2 plants
829 creatures vanquished.

Vanquished Creatures (others)
  A black mamba (Snake:3)
  A naga (Snake:4)
  An orc priest (Orc:2)
  An orc (Orc:1)
  10 fungi
  28 plants
42 creatures vanquished.

Grand Total: 871 creatures vanquished

Notes
Turn   | Place    | Note
-------+----------+-------------------------------------------
     0 | D:1      | namelastname112 the Draconian Wanderer began the quest for the Orb.
     0 | D:1      | namelastname112 set off with: a +2 falchion, 2 scrolls of teleportation, a +0 dagger, a bread ration
     0 | D:1      | Reached XP level 1. HP: 19/19 MP: 1/1
    81 | D:1      | Reached XP level 2. HP: 17/26 MP: 2/2
  1076 | D:2      | Reached XP level 3. HP: 33/33 MP: 3/3
  1201 | D:2      | Reached skill level 3 in Long Blades
  1222 | D:2      | Reached XP level 4. HP: 18/40 MP: 4/4
  1999 | D:3      | Found an opulent altar of Gozag.
  2098 | D:3      | Noticed Robin
  2123 | D:3      | Killed Robin
  2146 | D:3      | Found a white marble altar of Elyvilon.
  2429 | D:3      | Reached XP level 5. HP: 21/47 MP: 5/5
  2907 | D:3      | Became a worshipper of Gozag Ym Sagoz the Greedy
  3061 | D:4      | Noticed Blork the orc
  3077 | D:4      | Killed Blork the orc
  3077 | D:4      | Reached skill level 5 in Fighting
  3273 | D:4      | Found a burning altar of Makhleb.
  3334 | D:4      | Reached XP level 6. HP: 49/56 MP: 6/6
  3487 | D:5      | Entered Level 5 of the Dungeon
  3510 | D:5      | Found Myhettyu's Weapon Shop.
  3522 | D:5      | Reached skill level 4 in Long Blades
  3724 | D:5      | Noticed a sky beast
  3737 | D:5      | Killed a sky beast
  3851 | D:5      | You fall through a shaft for 3 floors!
  3854 | D:8      | Noticed a sky beast
  3939 | D:8      | Found Qerieb's Food Shop.
  3961 | D:8      | Found a glowing golden altar of the Shining One.
  3965 | D:8      | Found a shattered altar of Ashenzari.
  4041 | D:7      | Your scales start taking on an icy white colour.
  4041 | D:7      | Reached XP level 7. HP: 41/62 MP: 7/7
  4041 | D:7      | Gained mutation: Your flesh is cold resistant. (rC+) [White Draconian growth]
  4193 | D:7      | Reached skill level 5 in Long Blades
  4317 | D:6      | Found an ornate altar of the Wu Jian Council.
  4326 | D:6      | Found a hazy altar of Hepliaklqana.
  4328 | D:6      | Found a snail-covered altar of Cheibriados.
  5158 | D:5      | Reached XP level 8. HP: 57/71 MP: 8/8
  5621 | D:6      | Reached skill level 6 in Long Blades
  5621 | D:6      | Reached skill level 5 in Dodging
  5659 | D:6      | Found a staircase to the Ecumenical Temple.
  5671 | D:6      | Found a shadowy altar of Dithmenos.
  6710 | D:7      | Reached skill level 7 in Long Blades
  7145 | D:7      | Reached XP level 9. HP: 53/81 MP: 9/9
  7399 | D:7      | Found an ancient bone altar of Kikubaaqudgha.
  7582 | D:8      | Found a staircase to the Lair.
  7636 | D:8      | Reached skill level 8 in Long Blades
  7722 | D:8      | Noticed a troll
  8276 | D:8      | HP: 2/82 [orc priest/divine providence (10)]
  8287 | D:8      | HP: 3/82 [orc/flail (11)]
  8296 | D:8      | HP: 1/82 [orc/flail (5)]
  8502 | D:8      | Killed a troll
  8540 | D:8      | Noticed a two-headed ogre
  8543 | D:8      | Killed a two-headed ogre
  8543 | D:8      | Reached skill level 9 in Long Blades
  8681 | Lair:1   | Entered Level 1 of the Lair of Beasts
  9053 | D:8      | Found a bloodstained altar of Trog.
  9111 | D:8      | Noticed a manticore
  9120 | D:8      | Killed a manticore
  9120 | D:8      | Reached XP level 10. HP: 91/91 MP: 10/10
  9364 | D:9      | Reached skill level 10 in Long Blades
  9642 | D:9      | Noticed a two-headed ogre
  9654 | D:9      | Killed a two-headed ogre
  9724 | D:9      | Noticed a two-headed ogre
 10136 | D:9      | Reached skill level 10 in Fighting
 10291 | D:9      | Found Kuzeeqem's Jewellery Emporium.
 10352 | D:9      | Killed a two-headed ogre
 10352 | D:9      | Reached skill level 11 in Long Blades
 10386 | D:9      | Found a deep blue altar of Sif Muna.
 10835 | D:10     | Entered Level 10 of the Dungeon
 10835 | D:10     | Noticed a two-headed ogre
 10852 | D:10     | Killed a two-headed ogre
 11311 | D:10     | Reached XP level 11. HP: 89/101 MP: 11/11
 11512 | D:10     | Found a staircase to the Orcish Mines.
 13609 | D:11     | Noticed a red ugly thing
 14002 | D:11     | Noticed Maurice
 14012 | D:10     | Bought a runed hat for 210 gold pieces
 14019 | D:10     | Bought a fine falchion for 248 gold pieces
 14019 | D:10     | Identified the +2 falchion "Teiliw" {pain, rPois MR+++} (You bought it in a shop on level 10 of the Dungeon)
 14020 | D:10     | Bought a pitted falchion for 248 gold pieces
 14020 | D:10     | Identified the +8 falchion "Qogenomos" {drain, Str+3} (You bought it in a shop on level 10 of the Dungeon)
 14037 | D:11     | Killed Maurice
 14619 | D:11     | Reached skill level 12 in Long Blades
 14710 | D:11     | Killed a red ugly thing
 15105 | D:12     | Noticed a brown ugly thing
 15113 | D:12     | Killed a brown ugly thing
 15765 | D:13     | Noticed an unseen horror
 15774 | D:13     | Killed an unseen horror
 15989 | D:13     | Noticed a rakshasa
 16084 | D:14     | Reached XP level 12. HP: 92/109 MP: 15/15
 16427 | D:14     | Reached skill level 13 in Long Blades
 16694 | D:14     | Reached skill level 5 in Evocations
 16987 | D:14     | Noticed Snorg
 16999 | D:14     | Killed Snorg
 17517 | D:13     | Reached skill level 10 in Dodging
 17525 | D:13     | Noticed a two-headed ogre
 17534 | D:13     | Killed a two-headed ogre
 17540 | D:13     | Noticed a two-headed ogre
 17558 | D:13     | Killed a two-headed ogre
 17613 | D:13     | Noticed a centaur warrior
 17636 | D:13     | Killed a centaur warrior
 17642 | D:13     | Reached skill level 14 in Long Blades
 17743 | D:13     | Noticed a vault guard
 17760 | D:13     | Killed a vault guard
 17771 | D:13     | Noticed a two-headed ogre
 17779 | D:13     | Found a gate to the Vaults.
 17792 | D:13     | Killed a two-headed ogre
 17792 | D:13     | Reached XP level 13. HP: 108/118 MP: 17/17
 18302 | D:15     | Entered Level 15 of the Dungeon
 18303 | D:15     | Found a labyrinth entrance.
 18314 | Lab      | Entered a labyrinth
 18797 | Lab      | Noticed a minotaur
 18806 | Lab      | Killed a minotaur
 18807 | Lab      | Identified Zaw Kautt's Tome of the Traveller
 18815 | Lab      | Got a shimmering helmet
 18914 | D:15     | Found a flickering gateway to a bazaar.
 18923 | Bazaar   | Entered a bazaar
 18933 | Bazaar   | Found Dein's Jewellery Boutique.
 18933 | Bazaar   | Found Cigaos's Assorted Antiques.
 18992 | Bazaar   | Found Xuebeff's Weapon Shop.
 18992 | Bazaar   | Found Deske's Food Boutique.
 19044 | Bazaar   | Bought the ring of Eryl {*Drain rElec rC+ MR+++ Dex+2} for 306 gold pieces
 19601 | D:15     | Identified a scroll of acquirement
 19602 | D:15     | Got a dazzling great sword
 19603 | D:15     | Identified the +8 great sword "Wiastrel" {slice, Dex+3} (You acquired it on level 15 of the Dungeon)
 19935 | D:15     | Reached skill level 15 in Long Blades
 19950 | D:15     | Found a staircase to the Depths.
 20223 | Orc:1    | Entered Level 1 of the Orcish Mines
 20281 | Orc:1    | Found Wyxeh's Distillery.
 20486 | Orc:2    | Entered Level 2 of the Orcish Mines
 21123 | Orc:2    | Reached XP level 14. HP: 70/129 MP: 20/20
 21572 | Orc:2    | Noticed an orc warlord
 21593 | Orc:2    | Killed an orc warlord
 21745 | Orc:2    | Found a roughly hewn altar of Beogh.
 21807 | Orc:2    | Found Miytec's Book Shoppe.
 21905 | Orc:2    | Found Ovotew's General Store.
 21961 | Orc:2    | Found a staircase to the Elven Halls.
 22080 | Orc:2    | Found Wifobof's Antique Weapon Shoppe.
 22095 | Orc:2    | Found Tuesmu's Antique Armour Shoppe.
 23326 | Lair:2   | Found a staircase to the Snake Pit.
 23592 | Lair:2   | Found a staircase to the Shoals.
 24690 | Lair:4   | Found a hide-covered altar of Uskayaw.
 25456 | Lair:5   | Found a staircase to the Slime Pits.
 25456 | Lair:5   | Found a viscous altar of Jiyva.
 25580 | Lair:5   | Noticed Kirke
 25610 | Lair:5   | Killed Kirke
 25610 | Lair:5   | Reached skill level 10 in Evocations
 26049 | Lair:6   | Entered Level 6 of the Lair of Beasts
 26197 | Lair:6   | Reached skill level 16 in Long Blades
 26219 | Lair:6   | p0werm0de: y0dawg
 26277 | Lair:6   | p0werm0de: gozagp0wer
 26277 | Lair:6   | namelastname112: yep
 26360 | Lair:6   | p0werm0de: nice sword
 26371 | Lair:6   | Paralysed by a hornet for 3 turns
 26384 | Lair:6   | Reached XP level 15. HP: 87/139 MP: 22/22
 26394 | Lair:6   | p0werm0de: when do you fund stores on avg
 26395 | Lair:6   | p0werm0de: seems you didnt yet?
 26395 | Lair:6   | namelastname112: like
 26395 | Lair:6   | namelastname112: after orc and lair
 26396 | Lair:6   | p0werm0de: k
 26583 | Lair:6   | p0werm0de: i almost ripped again
 26695 | Lair:6   | p0werm0de: orbrun panlord... xom morphs me into pig
 26707 | Lair:6   | p0werm0de: all my rC gone
 26723 | Lair:6   | p0werm0de: 2x glaciate
 26741 | Lair:6   | p0werm0de: then hang arround at like 14 hp
 26741 | Lair:6   | namelastname112: lol
 26741 | Lair:6   | p0werm0de: escape to zig ;D
 26741 | Lair:6   | p0werm0de: pretty intense
 26741 | Lair:6   | namelastname112: i remember xom turning my fe-- in hydra
 26741 | Lair:6   | namelastname112: while fighting gloorx
 26743 | Lair:6   | p0werm0de: ye with 1 head often
 26743 | Lair:6   | p0werm0de: ;D
 26780 | Lair:6   | p0werm0de: or low at least
 26905 | Lair:6   | p0werm0de: !lg p0werm0de -log
 26955 | Lair:6   | beem: 6467. p0werm0de, XL27 DsEn, T:42215: http://crawl.xtahua.com/crawl/morgue/p0werm0de/morgue-p0werm0de-20170812-193404.txt
 26975 | Lair:6   | p0werm0de: !hs * dsen
 26980 | Lair:6   | beem: 6249. p0werm0de the Sensei (L27 DsEn of Xom), escaped with the Orb and 15 runes on 2017-08-12 19:34:04, with 34827688 points after 42215 turns and 4:07:11.
 27008 | Lair:6   | p0werm0de: !;D
 27027 | Lair:6   | p0werm0de: deserved a victory after so many fails man!!
 27032 | Lair:6   | p0werm0de: fkk Mu
 27060 | Lair:6   | namelastname112: mu suck
 27155 | Lair:6   | p0werm0de: ye a lot
 27309 | Lair:1   | p0werm0de: mace of variabilty!
 27333 | Lair:1   | p0werm0de: op ;D
 27357 | Snake:1  | Entered Level 1 of the Snake Pit
 27358 | Snake:1  | namelastname112: meh
 27469 | Snake:1  | Noticed namelastname112's ghost (adept DrWn)
 27477 | Snake:1  | p0werm0de: haha
 27662 | Lair:2   | p0werm0de: ouchies
 27662 | Lair:2   | namelastname112: damn
 27662 | Lair:2   | namelastname112: that dude is tough
 27799 | Lair:2   | p0werm0de: do it like me never use mr
 27799 | Lair:2   | p0werm0de: then when you meet your ghost use it as slave
 27801 | Snake:1  | p0werm0de: with control undead
 27829 | Snake:1  | p0werm0de: clears shit
 27977 | Snake:1  | Reached skill level 15 in Fighting
 28358 | Snake:2  | p0werm0de: motkurip playin a deep elf with statueform+majin-boo
 28427 | Snake:2  | namelastname112: it's a demon stick right
 28774 | Snake:2  | p0werm0de: meleeing with 3 str
 28809 | Snake:2  | Found Rapremar's Gadget Emporium.
 28848 | Snake:2  | p0werm0de: its the quarterstff with archmagi +6 int, vamp
 28998 | Snake:2  | p0werm0de: which leeches hp for spells
 29070 | Snake:2  | p0werm0de: and talks bullshit all day
 29176 | Snake:2  | namelastname112: i like talking weapons
 29633 | Snake:2  | namelastname112: i bet it's gonna be fucking bs snake
 29633 | Snake:2  | p0werm0de: ??majin-boo
 29633 | Snake:2  | beem: majin-boo ~ majin-bo[1/3]: +6 Majin-Bo {vamp, Archmagi, MP+6 Int+6}. It's a quarterstaff! Acts as a universal spell enhancer, but costs HP every time you cast a spell: 1 HP per MP spent. (This will never kill you, directly.)
 29633 | Snake:2  | namelastname112: with like mara and vashnia and bai
 30209 | Snake:3  | p0werm0de: mara almost killd me too
 30214 | Snake:3  | p0werm0de: ;D
 30246 | Snake:3  | p0werm0de: escaped at 6 hp
 30255 | Snake:3  | Reached XP level 16. HP: 30/150 MP: 10/24
 30264 | Snake:3  | p0werm0de: ouch
 30267 | Snake:3  | p0werm0de: you dont like safe play so much eh
 30268 | Snake:3  | p0werm0de: ;D
 30275 | Snake:3  | p0werm0de: me neiter is boring
 30411 | Snake:3  | p0werm0de: clear whole dungeon at 20% hp
 30411 | Snake:3  | p0werm0de: never stop running
 30411 | Snake:3  | namelastname112: too slow
 30501 | Snake:3  | Noticed Nikola
 30519 | Snake:3  | Killed Nikola
 30780 | Snake:3  | Identified Sif Muna's Guide on Excruciating Dark Rituals
 30946 | Snake:3  | Reached skill level 17 in Long Blades
 31411 | Snake:4  | Entered Level 4 of the Snake Pit
 31654 | Snake:4  | Noticed Aizul
 31663 | Snake:4  | Killed Aizul
 31975 | Snake:4  | Noticed Vashnia
 32342 | Snake:4  | HP: 1/152 [naga sharpshooter/bolt (10)]
 32343 | Snake:4  | Shot with a bolt by a naga sharpshooter

Vault maps used:
D:1:      grunt_arrival_crossed_arrows, minmay_stone_trees_small,
          minmay_misc_feat_doors, minmay_cupped
D:2:      st_stairs_5
D:3:      elyvilon_altar_4, nicolae_gozag_cash_rules_everything_around_me,
          uniq_robin
D:4:      bloody_makhleb, serial_undead, serial_undead_d, serial_undead_d,
          serial_undead_e, serial_undead_c, uniq_blork_the_orc
D:5:      first_bread, serial_shops, shop
D:6:      grunt_temple_overflow_open, minmay_temple_entry_mist,
          nicolae_dithmenos_through_a_glass_darkly
D:7:      lemuel_zombie_altar_kikubaaqudgha
D:8:      lightli_temple_of_fire, old_standard_altar, erik_lair_island,
          basic_altar, serial_shops, kennysheep_mini_moat
D:9:      led_sif_pool, serial_shops, nicolae_shop_behind_doors,
          hangedman_little_slice_of_home
D:10:     orc_0_dummy
D:11:     uniq_maurice
D:12:     serial_column_ruins, column_ruins_courtyard_long_water,
          column_ruins_open_tiny, column_ruins_open_large, column_ruins_grid_1,
          column_ruins_columns_T
D:13:     david_vaults_5
D:14:     glass_columns_c, uniq_snorg
D:15:     grunt_enter_depths_snipers, lab_entry_generic, minivault_19,
          serial_shops, bzr_entry_gold, nicolae_looking_at_the_future
Lair:1:   infiniplex_staircase_pool, minmay_lair_oklob_chamber,
          serial_bayou_shore_b, lemuel_fruit_tree
Lair:2:   elwin_shoals_entry_rooms, guppyfry_snake_entry_island
Lair:3:   special_room
Lair:4:   basic_altar
Lair:5:   slime_altar_1, st_stairs_12, small_statue_intersection, uniq_kirke
Lair:6:   hangedman_lair_tendril_chambers, st_stairs_13,
          nicolae_quartered_pool_super
Snake:1:  st_stairs_5, spider_trap, hangedman_snake_wide_pillar_pass,
          grunt_megastairs_1
Snake:2:  serial_shops, shop
Snake:3:  uniq_nikola
Snake:4:  johnstein_snake_rune_scales, stair_cage_cross, st_stairs_1,
          nicolae_snake_round_shape_thing, uniq_aizul, uniq_bai_suzhen
Orc:1:    serial_shops, shop
Orc:2:    grunt_orc_cross
Lab:      lab_fountain, nicolae_lab_big_swirl, nicolae_lab_garden,
          nicolae_lab_grate, nicolae_lab_blocks, nicolae_lab_x,
          nicolae_lab_do_over
Bazaar:   bazaar_jpeg_ribbon

Skill      XL: |  1  2  3  4  5  6  7  8  9 10 11 12 13 14 15 16 |
---------------+-------------------------------------------------+-----
Long Blades    | 3 4 5 7 9 11 12 14 15 16 17 | 17.2
Dodging        | 2 3 4 6 7 8 9 10 11 12 13 | 13.6
Fighting       | 4 5 6 8 9 10 11 12 13 14 15 16 | 16.3
Evocations     | 4 6 8 10 11 12 | 12.3
Axes           | |  1.0
Stealth        | |  1.7

Action                   |  1- 3 |  4- 6 |  7- 9 | 10-12 | 13-15 | 16-18 || total
-------------------------+-------+-------+-------+-------+-------+-------++-------
Melee: Falchion          |    26 |    27 |   437 |   875 |   273 |       ||  1638
       Tailslap          |    11 |    24 |    62 |   189 |   241 |    70 ||   597
       Dagger            |    62 |   167 |       |       |       |       ||   229
       Long sword        |       |       |       |    72 |       |       ||    72
       Great sword       |       |       |       |       |   916 |   249 ||  1165
Invok: Call Merchant     |       |       |       |     2 |     4 |       ||     6
       Potion Petition   |       |       |       |       |       |     2 ||     2
 Abil: Breathe Frost     |       |       |    10 |    18 |     5 |     1 ||    34
Evoke: Wand              |       |     4 |    13 |    11 |     1 |       ||    29
       Lamp of fire      |       |       |       |       |     2 |       ||     2
       Lightning rod     |       |       |       |       |     4 |       ||     4
  Use: Potion            |       |       |     3 |       |     5 |     1 ||     9
       Scroll            |       |       |    13 |    11 |    16 |     1 ||    41
 Stab: Sleeping          |     5 |     5 |     4 |     6 |     9 |       ||    29
       Confused          |       |       |     1 |       |       |       ||     1
       Distracted        |       |       |       |     6 |    12 |     4 ||    22
  Eat: Chunk             |     1 |     5 |       |       |       |       ||     6
       Fruit             |       |     1 |     3 |    10 |     3 |       ||    17
       Royal jelly       |       |     1 |     1 |     4 |    14 |       ||    20
       Meat ration       |       |       |     2 |     3 |     3 |     1 ||     9
       Bread ration      |       |       |     1 |       |       |     1 ||     2
Armor: Skin              |    31 |    39 |    95 |   115 |   162 |    30 ||   472
Dodge: Dodged            |    65 |   107 |   333 |   744 |  1273 |   282 ||  2804
       Rpst.: Falchion   |     4 |     5 |    86 |   179 |    53 |       ||   327
       Long sword        |       |       |       |    11 |       |       ||    11
       Great sword       |       |       |       |       |   268 |    62 ||   330
